 Dungeon Crawl Stone Soup version 0.27.1-33-g824d729ab1 (webtiles) character file.

Game seed: 17353864845944464275

36 unlimited1921 the Shield-Bearer (level 3, -6/20 HPs)
             Began as a Vine Stalker Fighter on Dec 30, 2021.
             Mangled by Sigmund (9 damage)
             ... on level 2 of the Dungeon.
             The game lasted 00:04:20 (1965 turns).

unlimited1921 the Shield-Bearer (VSFi)              Turns: 1965, Time: 00:04:21

Health: -6/20      AC:  6    Str: 18    XL:     3   Next: 37%
Magic:  0/4        EV:  7    Int:  8    God:
Gold:   24         SH:  0    Dex: 14    Spells: 2/2 levels left

rFire    . . .     SeeInvis .   a - +0 long sword
rCold    . . .     Faith    .   c - +0 kite shield
rNeg     . . .     Spirit   +   b - +0 scale mail
rPois    .         Reflect  .   (no helmet)
rElec    .         Harm     .   (no cloak)
rCorr    .         Rampage  .   (no gloves)
Will     .....                  (no boots)
Stlth    ..........             (no amulet)
HPRegen  0.06/turn              (no ring)
MPRegen  0.09/turn              (no ring)

@: confused
A: fangs 2, magic shield, antimagic bite, no potion heal 2
a: no special abilities


You were on level 2 of the Dungeon.
You visited 1 branch of the dungeon, and saw 2 of its levels.

You collected 24 gold pieces.

Inventory:

Hand Weapons
 a - a +0 long sword (weapon)
Missiles
 e - 13 bolts
 j - 6 poisoned darts (quivered)
Armour
 b - a +0 scale mail (worn)
 c - a +0 kite shield (worn)
Scrolls
 h - a scroll of blinking {unknown}
 i - 2 scrolls of identify {unknown}
 k - a scroll of fog {unknown}
Potions
 d - 2 potions of might
 f - a potion of attraction {unknown}
 g - a potion of cancellation {unknown}


   Skills:
 * Level 3.0 Fighting
 + Level 2.2 Long Blades
 + Level 2.6 Armour
 + Level 0.3 Dodging
 + Level 0.3 Stealth
 + Level 3.0 Shields


You had 2 spell levels left.
You didn't know any spells.
Your spell library was empty.

Dungeon Overview and Level Annotations

Branches:
Dungeon (2/15)

Altars:

Annotations:
D:2 Sigmund


Innate Abilities, Weirdness & Mutations

You have extremely sharp teeth.
When hurt, damage is shared between your health and your magic reserves.
Your bite disrupts and absorbs the magic of your enemies.
Potions cannot restore your health.


Message History

You throw a poisoned dart. The poisoned dart hits Sigmund.
Sigmund shouts!
Sigmund hits you from afar with a +0 scythe.
Throw: 11 darts (poison)
Press: ? - help, Q - select action Shift-Dir - straight line, f/p - Sigmund
Aim: Sigmund, wielding a +0 scythe and wearing a +0 robe (55% to hit)
You throw a poisoned dart.
The poisoned dart barely misses Sigmund.
You block Sigmund's attack.
Throw: 10 darts (poison)
Press: ? - help, Q - select action Shift-Dir - straight line, f/p - Sigmund
Aim: Sigmund, wielding a +0 scythe and wearing a +0 robe (55% to hit)
You throw a poisoned dart. The poisoned dart hits Sigmund.
Sigmund is poisoned.
Sigmund drinks a potion.
Sigmund is healed!
Sigmund looks more healthy.
Unknown command.
Throw: 9 darts (poison)
Press: ? - help, Q - select action Shift-Dir - straight line, f/p - Sigmund
Aim: Sigmund, wielding a +0 scythe and wearing a +0 robe (55% to hit)
You throw a poisoned dart.
The poisoned dart closely misses Sigmund.
You block Sigmund's attack.
Throw: 8 darts (poison)
Press: ? - help, Q - select action Shift-Dir - straight line, f/p - Sigmund
Aim: Sigmund, wielding a +0 scythe and wearing a +0 robe (55% to hit)
You throw a poisoned dart. The poisoned dart hits Sigmund.
Sigmund is poisoned.
Sigmund gestures at you while chanting.
You are confused.
Non-targeted confused throw: 7 darts (poison)
Press: ? - help, Q - select action Dir - look around, f - activate You throw a poisoned dart.
Sigmund completely misses you.
You bump into the rock wall.
Sigmund gestures at you while chanting. You resist with some effort.
Sigmund hits you from afar with a +0 scythe!
* * * LOW HITPOINT WARNING * * *
You're too confused to move!
You're too confused to move!
Sigmund hits you from afar with a +0 scythe!
You die...

..# #.# ## #.# #.#
#.# #.# #.# #.# .
..##.###(# ##.
#.#..((.(# #..
#.#.@##### #.#
#.#).# #.# #.#@(##
#.# #.#...##
#.###.###.#....##
#...<.......>...##
#####.###.....<..#
#.# #.......<....♣
#.# ##.......###..
#.# ##.....## #.#
##......


You could see Sigmund (poisoned).

Vanquished Creatures
  A worm (D:2)
  5 ball pythons
  An endoplasm (D:1)
  2 giant cockroaches (D:1)
  4 hobgoblins
  A quokka (D:1)
  2 bats (D:1)
  2 frilled lizards (D:1)
  5 goblins
  6 kobolds
  2 rats
31 creatures vanquished.

Notes
Turn   | Place    | Note
-------+----------+-------------------------------------------
     0 | D:1      | unlimited1921 the Vine Stalker Fighter began the quest for
                  | the Orb.
     0 | D:1      | Reached XP level 1. HP: 11/11 MP: 2/2
   368 | D:1      | Reached XP level 2. HP: 12/16 MP: 3/3
  1126 | D:1      | Reached XP level 3. HP: 20/20 MP: 4/4
  1130 | D:1      | Found a faded altar of an unknown god.
  1589 | D:2      | Noticed Sigmund
  1965 | D:2      | Mangled by Sigmund

Illustrated notes

Levels and vault maps discovered:
D:1:      psy_arrival_whirlpool, layout_loops_ring,
          chequers_ecumenical_altar_island
D:2:      layout_loops_ring, serial_shops, nicolae_shop_trees,
          kennysheep_crisscross, minmay_tall_x, uniq_sigmund

Skill      XL: |  1  2 |
---------------+-------+-----
Shields        | 3 |  3.0
Fighting       | 3 |  3.0
Long Blades    | 2 |  2.2
Armour         | |  2.6
Dodging        | |  0.3
Stealth        | |  0.3

Action                   || total
-------------------------++-------
Melee: Long sword        ||    89
       Bite              ||    25
Throw: Dart              ||     6
  Use: Scroll            ||     1
Armor: Scale mail        ||    42
Dodge: Dodged            ||    36
Block: Kite shield       ||    55
       Rpst.: Long sword ||     6
